Unix NetHack Version 3.7.0-89 Work-in-progress - last build Oct 24 2023 22:36:20 (f0f4d860daac63e3cbb99997f3143a95df660311,branch:master). Game began 2023-10-28 17:19:21, ended 2023-10-28 20:38:31. tromix, lawful male human Priest ------- ----------- --------- .|.....| ..|.......| |.(.....| -|-...--| ..........-------.......---- --------- |.%.....-- -.... .........)...........| |.......| --.......| ............<.......))..--| -------......| ----..-.| .....((qq...........))...-----........--(.| --..-| ---......@gq............|.%%.....-----.--%.-- --..----------.---..........%.......----------- .--..-- --...%............---........... ..-...-%.| --...| |--..%------------ ---........------------ -----..---- ----- --...--- ---------- --...*.....| --...---...-- --..---...*.-- |........--- ---------------------..-- --..|..---- --.......| ---..................|..-- -----....--- ----..--| ..-).....................-- |.......| --...----- ---.................---- --.--.--- |....)... |..|.........0.....| .%-....| --------- -------------------- ------ Tromix the Adept St:25 Dx:12 Co:18 In:11 Wi:18 Ch:11 Lawful Dlvl:10 $:147 HP:0(64) Pw:83(119) AC:2 Xp:9 T:10767 Hungry Latest messages: The rothe bites! In what direction? . You feel better. The rothe hits! The rothe misses! The rothe misses! The rothe hits! The rothe bites! The rothe misses! You see here a pick-axe. The gargoyle hits! The gargoyle hits again! The gargoyle bites! In what direction? . You feel better. The gargoyle hits! The gargoyle hits again! The gargoyle bites! The rothe hits! The rothe misses! The rothe bites! The rothe hits! The rothe misses! The rothe misses! The rothe misses! The rothe bites! The rothe misses! The rothe hits! The rothe misses! The rothe bites! You feel hungry. In what direction? The magical energy is released! In what direction? . You feel better. The gargoyle hits! The gargoyle hits again! The gargoyle bites! The rothe just misses! The rothe bites! The rothe bites again! The rothe hits! The rothe bites! The rothe bites again! You die... Do you want your possessions identified? [ynq] (y) y Do you want to see your attributes? [ynq] (y) y Do you want an account of creatures vanquished? [ynaq] (y) y Do you want to see your conduct and achievements? [ynq] (y) y Do you want to see the dungeon overview? [ynq] (y) y Inventory: Coins $ - 147 gold pieces Weapons Q - 48 +0 darts (at the ready) y - the rustproof +0 Demonbane (weapon in hand) Armor U - a blessed +1 orcish helm (being worn) m - a very rusty +0 pair of gauntlets of power (being worn) C - a very rusty +0 pair of iron shoes (being worn) c - a +0 small shield (being worn) O - a +0 mummy wrapping b - a burnt +0 robe (being worn) E - a +1 studded leather armor (being worn) Comestibles K - 2 cloves of garlic H - 4 food rations f - 3 sprigs of wolfsbane i - a lizard corpse Scrolls p - a scroll of teleportation Potions G - a potion of restore ability I - a potion of water Rings V - a +3 ring of gain constitution (on right hand) r - a ring of polymorph control (on left hand) W - a ring of protection from shape changers Wands j - a wand of cancellation (0:3) h - a wand of enlightenment (0:10) L - a wand of polymorph (0:6) Y - a wand of secret door detection (0:13) n - a wand of slow monster (0:5) T - a wand of striking (0:6) R - a wand of striking (0:2) Tools w - a +0 pick-axe e - a skeleton key P - a towel x - a blessed +0 unicorn horn Gems/Stones J - 2 amethyst stones S - 2 diamonds M - 2 emeralds Z - 2 rubies a - a worthless piece of red glass d - a luckstone t - a blessed touchstone named cld\poi Tromix the Priest's attributes: Background: You were an Adept, a level 9 human Priest. You were lawful, on a mission for Athena who was opposed by Hermes (neutral) and Poseidon (chaotic). You were in the Gnomish Mines, on level 10. You entered the dungeon 10767 turns ago. There was a full moon in effect when your adventure ended. You had 3908 experience points, 1212 more were needed to attain level 10. Basics: You had 0 out of 64 hit points. You had 83 out of 119 energy points (spell power). Your armor class was 2. Your wallet contained 147 zorkmids. Autopickup was off. Final Characteristics: Your strength was 25 (base:10, peak:11, innate limit:18/100). Your dexterity was 12 (limit:18). Your constitution was 18 (base:15, limit:18). Your intelligence was 11 (limit:18). Your wisdom was 18 (limit:18). Your charisma was 11 (limit:18). Final Status: You were hungry. You were unencumbered. You were wielding a mace. You were skilled in mace and could have enhanced that. Final Attributes: You were piously aligned. You were cold resistant. You were poison resistant. You were telepathic. You were guarded. You had polymorph control. You were lucky. You had extra luck. Bad luck did not time out for you. Good luck did not time out for you. You are dead. Miscellaneous: You disabled loading of bones levels. Total elapsed playing time was 2 hours, 32 minutes and 51 seconds. Major events: Turn 1: tromix the lawful human Priest entered the dungeon 633: entered the Gnomish Mines 685: attained the rank of Acolyte (level 3) 1796: reached Mine Town 1855: attained the rank of Adept (level 6) 4545: was bestowed with Demonbane by Athena 10659: acquired the Mines' End luckstone 10767: killed by a rothe Vanquished creatures: a giant mimic 2 small mimics a red naga a giant beetle 10 leprechauns a vampire bat 3 gnome rulers an orc mummy a dwarf mummy a rust monster 2 lizards a dingo a dog a housecat 2 jaguars 2 blue jellies a black unicorn a dust vortex a snake a rope golem an imp a wood nymph a water nymph 3 mountain nymphs 3 Mordor orcs 5 Uruk-hai an orc shaman 3 rock piercers 5 rock moles 2 ponies 3 fog clouds 4 yellow lights 5 shriekers 16 gnome leaders 4 gnomish wizards 3 kobold mummies 2 gray oozes 3 straw golems a paper golem 2 giant ants a little dog 2 floating eyes a kitten 5 dwarves 6 homunculi a kobold leader 5 hill orcs 6 rothes a centipede 2 giant bats a monkey a dwarf zombie a wererat 2 iguanas 11 killer bees an acid blob 2 hobbits 4 manes 3 large kobolds a hobgoblin 6 giant rats 6 cave spiders a green mold 62 gnomes 9 garter snakes a gnome zombie 6 geckos 7 jackals a fox a kobold 3 goblins 4 sewer rats 11 grid bugs 3 bats 6 lichens a kobold zombie 7 newts 295 creatures vanquished. No species were genocided or became extinct. Voluntary challenges: You read items or engraved 20 times. You never engraved Elbereth. You never genocided any monsters. You never polymorphed an object. You never changed form. You used no wishes. Achievements: You entered the Gnomish Mines. You entered a shop. You attained the rank of Acolyte. You entered Minetown. You entered a temple. You attained the rank of Adept. You completed the Gnomish Mines. The Dungeons of Doom: levels 1 to 7 Level 1: A fountain. Level 2: A general store, some fountains, a grave. Stairs down to The Gnomish Mines. Level 3: A grave. Level 4: "#" A potion shop, an altar to Athena, a grave. Level 5: Level 6: A fountain. Level 7: A fountain. The Gnomish Mines: levels 3 to 10 Level 3: Level 4: Level 5: Many shops, a temple and an altar, some fountains. Level 6: Level 7: Level 8: Level 9: Level 10: <- You were here. Final resting place for you, killed by a rothe. Game over: ---------- / \ / REST \ / IN \ / PEACE \ / \ | tromix | | 147 Au | | killed by a | | rothe | | | | | | 2023 | *| * * * | * _________)/\\_//(\/(/\)/\//\/|_)_______ Goodbye tromix the Priest... You died in The Gnomish Mines on dungeon level 10 with 16255 points, and 147 pieces of gold, after 10767 moves. You were level 9 with a maximum of 64 hit points when you died.